AAA
BAKERSFIELD CANNONS @ LONG ISLAND NAVIGATORS
04/27/2060
 
TOP OF THE 1ST
Bakersfield Cannons batting - Pitching for Long Island Navigators : LHP Matt Dimmick
Pitching: LHP Matt Dimmick
Batting: RHB Damon Squyres 0-0: Swinging Strike
0-1: Ball
1-1: Called Strike
1-2: Ball
2-2: Foul Ball, location: 2F
2-2: Foul Ball, location: 2F
2-2: Foul Ball, location: 2F
2-2: Strikes out swinging
Batting: RHB Adan Natoli 0-0: Called Strike
0-1: Ball
1-1: Called Strike
1-2: Ball
2-2: Ball
3-2: Base on Balls
Batting: RHB Jake Christensen 0-0: Ball
1-0: Swinging Strike
1-1: Foul Ball, location: 2F
1-2: Ball
2-2: Foul Ball, location: 2F
2-2: Ball
3-2: Foul Ball, location: 2F
3-2: Base on Balls
Adan Natoli to second
Batting: RHB Turk Dorey 0-0: Ball
1-0: SINGLE (Line Drive, 4D, EV 100.6 MPH)
Adan Natoli to third
Jake Christensen to second
Batting: RHB Kyle Leonard 0-0: Called Strike
0-1: Ball
1-1: Ball
2-1: Ball
3-1: Base on Balls
Adan Natoli scores
Jake Christensen to third
Turk Dorey to second
Batting: LHB Melchior Werth 0-0: Ball
1-0: Ball
2-0: Fly out, F7 (Flyball, 78M, EV 94.4 MPH)
Batting: RHB Zack Simmons 0-0: Called Strike
0-1: Ball
1-1: Ball
2-1: SINGLE (Groundball, 6M, EV 103.8 MPH) (infield hit)
Jake Christensen scores
Turk Dorey to third
Kyle Leonard to second
Batting: RHB Langdon Bushey 0-0: Ball
1-0: Ball
2-0: Ball
3-0: Called Strike
3-1: Base on Balls
Turk Dorey scores
Kyle Leonard to third
Zack Simmons to second
Batting: LHB Joey Manning 0-0: SINGLE (Groundball, 34D, EV 96.9 MPH)
Kyle Leonard scores
Zack Simmons to third
Langdon Bushey to second
Runner from 3rd tries for Home, throw by RF and OUT! 9-2
Top of the 1st over - 4 runs, 3 hits, 0 errors, 2 left on base; Bakersfield 4 - Long Island 0
BOTTOM OF THE 1ST
Long Island Navigators batting - Pitching for Bakersfield Cannons : LHP Jeremy Fox
Pitching: LHP Jeremy Fox
Batting: RHB Landon Garber 0-0: Called Strike
0-1: Ball
1-1: Ball
2-1: Fly out, F1 (Popup, P, EV 86.2 MPH)
Batting: RHB Sullivan Hazelwood 0-0: Foul Ball, location: 2F
0-1: Called Strike
0-2: Ball
1-2: Foul Ball, location: 2F
1-2: Strikes out looking
Batting: LHB Broderick Council 0-0: Swinging Strike
0-1: Ball
1-1: Ball
2-1: Ground out 6-3 (Groundball, 6S, EV 71.2 MPH)
Bottom of the 1st over - 0 runs, 0 hits, 0 errors, 0 left on base; Bakersfield 4 - Long Island 0
TOP OF THE 2ND
Bakersfield Cannons batting - Pitching for Long Island Navigators : LHP Matt Dimmick
Batting: RHB Damon Squyres 0-0: Called Strike
0-1: Ground out 6-3 (Groundball, 6, EV 83.8 MPH)
Batting: RHB Adan Natoli 0-0: Swinging Strike
0-1: Swinging Strike
0-2: Strikes out looking
Batting: RHB Jake Christensen 0-0: Called Strike
0-1: Ball
1-1: Foul Ball, location: 2F
1-2: Strikes out swinging
Top of the 2nd over - 0 runs, 0 hits, 0 errors, 0 left on base; Bakersfield 4 - Long Island 0
BOTTOM OF THE 2ND
Long Island Navigators batting - Pitching for Bakersfield Cannons : LHP Jeremy Fox
Batting: RHB Cameron Marry 0-0: Swinging Strike
0-1: Ball
1-1: Foul Ball, location: 2F
1-2: Foul Ball, location: 2F
1-2: Strikes out swinging
Batting: RHB Jon Bowers 0-0: Ball
1-0: Ground out 6-3 (Groundball, 6, EV 97.5 MPH)
Batting: RHB Clifton Brown 0-0: Ball
1-0: Ball
2-0: SINGLE (Line Drive, 3L, EV 98.1 MPH)
Batting: RHB Doug Day 0-0: Swinging Strike
0-1: Ball
1-1: DOUBLE (Line Drive, 78D, EV 89.4 MPH)
Clifton Brown to third
Batting: RHB Weldon Nnanna 0-0: Ball
1-0: Ground out 4-3 (Groundball, 4D, EV 101.9 MPH)
Bottom of the 2nd over - 0 runs, 2 hits, 0 errors, 2 left on base; Bakersfield 4 - Long Island 0
TOP OF THE 3RD
Bakersfield Cannons batting - Pitching for Long Island Navigators : LHP Matt Dimmick
Batting: RHB Turk Dorey 0-0: Swinging Strike
0-1: Ball
1-1: Ball
2-1: SINGLE (Groundball, 5D, EV 99.4 MPH)
Batting: RHB Kyle Leonard 0-0: Ball
1-0: Fly out, F8 (Flyball, 8RM, EV 90.6 MPH)
Batting: LHB Melchior Werth 0-0: Swinging Strike
0-1: Ball
1-1: Called Strike
1-2: SINGLE (Line Drive, 9LS, EV 96.9 MPH)
Turk Dorey to second
Batting: RHB Zack Simmons 0-0: Ball
1-0: Ball
2-0: Ball
3-0: Called Strike
3-1: Called Strike
3-2: DOUBLE (Groundball, 5L, EV 103.8 MPH)
Turk Dorey scores
Melchior Werth to third
Batting: RHB Langdon Bushey 0-0: Ball
1-0: Reached on error, E3 (Groundball, 34S, EV 88.8 MPH)
Melchior Werth scores
Zack Simmons to third
Batting: LHB Joey Manning 0-0: Called Strike
0-1: Foul Ball, location: 2F
0-2: Ball
1-2: Ball
2-2: Foul Ball, location: 2F
2-2: Strikes out swinging
Batting: RHB Damon Squyres 0-0: Ball
1-0: Ball
2-0: Swinging Strike
2-1: Called Strike
2-2: Ball
3-2: SINGLE (Line Drive, 4MD, EV 98.8 MPH)
Zack Simmons scores
Langdon Bushey to second
Langdon Bushey to third
Batting: RHB Adan Natoli 0-0: Called Strike
0-1: Called Strike
Damon Squyres steals 2nd base
0-2: Ground out 6-3 (Groundball, 6, EV 85.6 MPH)
Top of the 3rd over - 3 runs, 4 hits, 1 error, 2 left on base; Bakersfield 7 - Long Island 0
BOTTOM OF THE 3RD
Long Island Navigators batting - Pitching for Bakersfield Cannons : LHP Jeremy Fox
Batting: RHB Seth Baker 0-0: Called Strike
0-1: SINGLE (Line Drive, 4MD, EV 95.0 MPH)
Batting: RHB Landon Garber 0-0: Grounds into double play, 3-6-1 (Groundball, 34, EV 83.8 MPH)
Batting: RHB Sullivan Hazelwood 0-0: Called Strike
0-1: Ball
1-1: Called Strike
1-2: Ball
2-2: Ground out 5-3 (Groundball, 56, EV 86.9 MPH)
Bottom of the 3rd over - 0 runs, 1 hit, 0 errors, 0 left on base; Bakersfield 7 - Long Island 0
TOP OF THE 4TH
Bakersfield Cannons batting - Pitching for Long Island Navigators : LHP Matt Dimmick
Batting: RHB Jake Christensen 0-0: Foul Ball, location: 2F
0-1: Ball
1-1: Swinging Strike
1-2: Foul Ball, location: 2F
1-2: Strikes out swinging
Batting: RHB Turk Dorey 0-0: Ball
1-0: Ball
2-0: Called Strike
2-1: Foul Ball, location: 2F
2-2: Foul Ball, location: 2F
2-2: Ball
3-2: Ground out 4-3 (Groundball, 4, EV 86.9 MPH)
Batting: RHB Kyle Leonard 0-0: Foul Ball, location: 2F
0-1: Foul Ball, location: 2F
0-2: Ball
1-2: Ball
2-2: Foul Ball, location: 2F
2-2: Ground out 4-3 (Groundball, 4S, EV 85.0 MPH)
Top of the 4th over - 0 runs, 0 hits, 0 errors, 0 left on base; Bakersfield 7 - Long Island 0
BOTTOM OF THE 4TH
Long Island Navigators batting - Pitching for Bakersfield Cannons : LHP Jeremy Fox
Batting: LHB Broderick Council 0-0: Ball
1-0: Called Strike
1-1: Foul Ball, location: 2F
1-2: Ball
2-2: Foul Ball, location: 2F
2-2: Foul Ball, location: 2F
2-2: Ball
3-2: Base on Balls
Batting: RHB Cameron Marry 0-0: Called Strike
0-1: Ball
1-1: Ball
2-1: SINGLE (Line Drive, 56D, EV 98.1 MPH)
Broderick Council to second
Batting: RHB Jon Bowers 0-0: Ball
1-0: Called Strike
1-1: Swinging Strike
1-2: Strikes out looking
Batting: RHB Clifton Brown 0-0: Called Strike
0-1: Grounds into double play, 4-6-3 (Groundball, 4, EV 103.1 MPH)
Bottom of the 4th over - 0 runs, 1 hit, 0 errors, 1 left on base; Bakersfield 7 - Long Island 0
TOP OF THE 5TH
Bakersfield Cannons batting - Pitching for Long Island Navigators : LHP Matt Dimmick
Batting: LHB Melchior Werth 0-0: Called Strike
0-1: Ball
1-1: Swinging Strike
1-2: Foul Ball, location: 2F
1-2: Foul Ball, location: 2F
1-2: Foul Ball, location: 2F
1-2: Ball
2-2: Ball
3-2: Strikes out looking
Batting: RHB Zack Simmons 0-0: Foul Ball, location: 2F
0-1: Foul Ball, location: 2F
0-2: Ball
1-2: Ball
2-2: Foul Ball, location: 2F
2-2: Foul Ball, location: 2F
2-2: Foul Ball, location: 2F
2-2: Strikes out swinging
Batting: RHB Langdon Bushey 0-0: Ball
1-0: SINGLE (Groundball, 25, EV 69.4 MPH) (infield hit)
Batting: LHB Joey Manning 0-0: Called Strike
0-1: Called Strike
0-2: Strikes out swinging
Top of the 5th over - 0 runs, 1 hit, 0 errors, 1 left on base; Bakersfield 7 - Long Island 0
BOTTOM OF THE 5TH
Long Island Navigators batting - Pitching for Bakersfield Cannons : LHP Jeremy Fox
Batting: RHB Doug Day 0-0: Foul Ball, location: 2F
0-1: Swinging Strike
0-2: Foul Ball, location: 2F
0-2: Fly out, F4 (Popup, 13, EV 81.9 MPH)
Batting: RHB Weldon Nnanna 0-0: Swinging Strike
0-1: Fly out, F8 (Flyball, 8RS, EV 83.1 MPH)
Batting: RHB Seth Baker 0-0: Ball
1-0: Ball
2-0: Ball
3-0: Called Strike
3-1: Foul Ball, location: 2F
3-2: Fly out, F9 (Line Drive, 9S, EV 97.5 MPH)
Bottom of the 5th over - 0 runs, 0 hits, 0 errors, 0 left on base; Bakersfield 7 - Long Island 0
TOP OF THE 6TH
Bakersfield Cannons batting - Pitching for Long Island Navigators : LHP Matt Dimmick
Pitching: RHP Karsen Azizi
Batting: RHB Damon Squyres 0-0: Swinging Strike
0-1: Called Strike
0-2: Foul Ball, location: 2F
0-2: Strikes out looking
Batting: RHB Adan Natoli 0-0: Swinging Strike
0-1: Swinging Strike
0-2: Ball
1-2: Strikes out swinging
Batting: RHB Jake Christensen 0-0: Swinging Strike
0-1: Ball
1-1: SINGLE (Groundball, 6MD, EV 97.5 MPH)
Batting: RHB Turk Dorey 0-0: Foul Ball, location: 2F
0-1: Ball
1-1: Ball
2-1: Ball
3-1: Foul Ball, location: 2F
3-2: Strikes out looking
Top of the 6th over - 0 runs, 1 hit, 0 errors, 1 left on base; Bakersfield 7 - Long Island 0
BOTTOM OF THE 6TH
Long Island Navigators batting - Pitching for Bakersfield Cannons : LHP Jeremy Fox
Batting: RHB Landon Garber 0-0: DOUBLE (Flyball, 78XD, EV 106.9 MPH)
Batting: RHB Sullivan Hazelwood 0-0: Foul Ball, location: 2F
0-1: Ball
1-1: SINGLE (Groundball, 56D, EV 97.5 MPH)
Landon Garber to third
Runner from 3rd tries for Home, SAFE, throw by LF to home
Batting: LHB Broderick Council 0-0: Ball
1-0: Foul Ball, location: 2F
1-1: Called Strike
1-2: Ball
2-2: SINGLE (Groundball, 4MD, EV 106.2 MPH)
Sullivan Hazelwood to second
Batting: RHB Cameron Marry 0-0: Ball
1-0: Ball
2-0: Swinging Strike
2-1: Ball
3-1: Swinging Strike
3-2: Hit by Pitch
Sullivan Hazelwood to third
Broderick Council to second
Batting: RHB Jon Bowers 0-0: Ball
1-0: Called Strike
1-1: Grounds into double play, 3-6-1 (Groundball, 34, EV 83.1 MPH)
Sullivan Hazelwood scores
Broderick Council to third
Batting: RHB Clifton Brown 0-0: Called Strike
0-1: SINGLE (Line Drive, 9S, EV 86.2 MPH)
Broderick Council scores
Batting: RHB Doug Day 0-0: Ball
1-0: Called Strike
1-1: Ball
2-1: Ground out 6-3 (Groundball, 4MS, EV 80.0 MPH)
Bottom of the 6th over - 3 runs, 4 hits, 0 errors, 1 left on base; Bakersfield 7 - Long Island 3
TOP OF THE 7TH
Bakersfield Cannons batting - Pitching for Long Island Navigators : RHP Karsen Azizi
Batting: RHB Kyle Leonard 0-0: Ball
1-0: Ball
2-0: Called Strike
2-1: Swinging Strike
2-2: Strikes out swinging
Batting: LHB Melchior Werth 0-0: Hit by Pitch
Batting: RHB Zack Simmons 0-0: Ball
1-0: Called Strike
1-1: Ball
2-1: Grounds into double play, 6-4-3 (Groundball, 56, EV 105.0 MPH)
Top of the 7th over - 0 runs, 0 hits, 0 errors, 0 left on base; Bakersfield 7 - Long Island 3
BOTTOM OF THE 7TH
Long Island Navigators batting - Pitching for Bakersfield Cannons : LHP Jeremy Fox
Batting: RHB Weldon Nnanna 0-0: Ball
1-0: Ground out 5-3 (Groundball, 56, EV 80.0 MPH)
Batting: RHB Seth Baker 0-0: Ball
1-0: Ball
2-0: Called Strike
2-1: Ball
3-1: Base on Balls
Batting: RHB Landon Garber 0-0: Called Strike
0-1: Called Strike
0-2: Ball
1-2: Ball
2-2: Foul Ball, location: 2F
2-2: Foul Ball, location: 2F
2-2: Ball
3-2: Strikes out swinging
Pitching: RHP Dionte Claridy
Batting: RHB Sullivan Hazelwood 0-0: Ball
Wild Pitch!
Seth Baker to second
1-0: Ball
2-0: Ball
3-0: Called Strike
3-1: Swinging Strike
3-2: Strikes out swinging
Bottom of the 7th over - 0 runs, 0 hits, 0 errors, 1 left on base; Bakersfield 7 - Long Island 3
TOP OF THE 8TH
Bakersfield Cannons batting - Pitching for Long Island Navigators : RHP Karsen Azizi
Batting: RHB Langdon Bushey 0-0: Called Strike
0-1: Ground out 4-3 (Groundball, 4M, EV 92.5 MPH)
Batting: LHB Joey Manning 0-0: Ball
1-0: Foul Ball, location: 2F
1-1: Called Strike
1-2: SINGLE (Groundball, 34D, EV 105.6 MPH)
Batting: RHB Damon Squyres 0-0: Called Strike
0-1: Swinging Strike
0-2: Strikes out swinging
Batting: RHB Adan Natoli 0-0: Called Strike
0-1: Ball
1-1: Ball
2-1: Ball
3-1: Foul Ball, location: 2F
3-2: Strikes out looking
Top of the 8th over - 0 runs, 1 hit, 0 errors, 1 left on base; Bakersfield 7 - Long Island 3
BOTTOM OF THE 8TH
Long Island Navigators batting - Pitching for Bakersfield Cannons : RHP Dionte Claridy
Batting: LHB Broderick Council 0-0: Called Strike
0-1: Ball
1-1: Ball
2-1: SINGLE (Groundball, 6M, EV 95.0 MPH) (infield hit)
Batting: RHB Cameron Marry 0-0: Ball
1-0: Called Strike
1-1: Ball
2-1: Foul Ball, location: 2F
2-2: Foul Ball, location: 2F
2-2: DOUBLE (Line Drive, 7LS, EV 94.4 MPH)
Broderick Council to third
Batting: LHB Triston Harris 0-0: Ball
1-0: Foul Ball, location: 2F
1-1: Called Strike
1-2: Ball
2-2: Ball
3-2: Strikes out looking
Pitching: RHP Kel Ingle
Pinch Hitting: LHB Grant Lucien 0-0: Swinging Strike
0-1: Ball
1-1: Reached on error, E4 (Groundball, 4, EV 80.0 MPH)
Broderick Council scores
Cameron Marry to third
Batting: RHB Doug Day 0-0: Ball
1-0: Ball
2-0: Called Strike
2-1: Ball
3-1: Fly out, F8 (Flyball, 8LS, EV 78.1 MPH)
Batting: RHB Weldon Nnanna 0-0: SINGLE (Groundball, 34D, EV 101.9 MPH)
Cameron Marry scores
Grant Lucien to second
Runner from 2nd tries for 3rd, SAFE, throw by RF made to third
Weldon Nnanna to second
Pinch Hitting: SHB Grant Jopling 0-0: Ball
1-0: Foul Ball, location: 2F
1-1: Ball
2-1: Ball
3-1: Fly out, F8 (Flyball, 8LM, EV 86.9 MPH)
Bottom of the 8th over - 2 runs, 3 hits, 1 error, 2 left on base; Bakersfield 7 - Long Island 5
TOP OF THE 9TH
Bakersfield Cannons batting - Pitching for Long Island Navigators : RHP Karsen Azizi
Now at 2B: Landon Garber
Now at 3B: Grant Jopling
Now at SS: Sullivan Hazelwood
Now in RF: Grant Lucien
Batting: RHB Jake Christensen 0-0: Ball
1-0: Ground out 2-3 (Groundball, 15S, EV 66.2 MPH)
Batting: RHB Turk Dorey 0-0: Ball
1-0: Foul Ball, location: 2F
1-1: Ground out 2-3 (Groundball, 2L, EV 72.5 MPH)
Pitching: RHP Josh Bickford
Batting: RHB Kyle Leonard 0-0: DOUBLE (Flyball, 8LXD, EV 110.6 MPH)
Batting: LHB Melchior Werth 0-0: Ground out 4-3 (Groundball, 4, EV 98.8 MPH)
Top of the 9th over - 0 runs, 1 hit, 0 errors, 1 left on base; Bakersfield 7 - Long Island 5
BOTTOM OF THE 9TH
Long Island Navigators batting - Pitching for Bakersfield Cannons : RHP Kel Ingle
Now in LF: Elroy Saenz
Now in RF: Marcus McGraw
Batting: RHB Landon Garber 0-0: DOUBLE (Flyball, 78D, EV 103.8 MPH)
Batting: RHB Sullivan Hazelwood 0-0: Foul Ball, location: 2F
0-1: Ball
1-1: Foul Ball, location: 2F
1-2: Foul Ball, location: 2F
1-2: Foul Ball, location: 2F
1-2: Strikes out swinging
Pitching: RHP Leonard Yong
Batting: LHB Broderick Council 0-0: Called Strike
0-1: Ball
Wild Pitch!
Landon Garber to third
1-1: Swinging Strike
1-2: Strikes out swinging
Batting: RHB Cameron Marry 0-0: Foul Ball, location: 2F
0-1: Foul Ball, location: 2F
0-2: Strikes out swinging
Bottom of the 9th over - 0 runs, 1 hit, 0 errors, 1 left on base; Bakersfield 7 - Long Island 5
Monday, April 29th , 2024 - OOTP Baseball 23.10 Build 110